 Dungeon Crawl Stone Soup version 0.26-a0-812-g31a745ddcd (webtiles) character file.

Game seed: 6696452500412110678

11245 ipx the Geomancer (level 11, -19/61 HPs)
             Began as a Deep Elf Earth Elementalist on Dec 9, 2020.
             Was an Elder of Vehumet.
             Killed from afar by a rime drake (31 damage)
             ... with a flash freeze
             ... on level 1 of the Lair of Beasts.
             The game lasted 01:14:34 (3985 turns).

ipx the Geomancer (Deep Elf Earth Elementalist)     Turns: 3985, Time: 01:14:35

Health: -19/61     AC: 10    Str:  7 (10) XL:     11   Next: 46%
Magic:  17/28      EV: 17    Int: 21 (24) God:    Vehumet [****..]
Gold:   511        SH:  5    Dex: 13 (15) Spells: 12/33 levels left

rFire    . . .     SeeInvis .   a - +1 dagger (venom)
rCold    . . .     Faith    .   (no shield)
rNeg     . . .     Spirit   .   f - +1 troll leather armour
rPois    .         Reflect  +   (no helmet)
rElec    +         Harm     .   y - +0 cloak
rCorr    .         Rampage  .   w - +2 pair of gloves {archery}
MR       ++...                  p - +0 pair of boots
Stlth    ++........             X - amulet "Hiosera" {Reflect *Drain rElec Str+5 SH+5}
HPRegen  0.20/turn              m - ring of protection from magic
MPRegen  0.21/turn              (no ring)

@: no status effects
A: no striking features
a: Renounce Religion


You were on level 1 of the Lair of Beasts.
You worshipped Vehumet.
Vehumet was greatly pleased with you.
You visited 3 branches of the dungeon, and saw 15 of its levels.
You also visited: Sewer and Bailey.

You collected 601 gold pieces.
You spent 90 gold pieces at shops.

Inventory:

Hand Weapons
 a - a +1 dagger of venom (weapon)
 b - a +4 scimitar
Missiles
 g - 23 poisoned darts
 n - 4 javelins
 x - 7 silver boomerangs
 A - 6 boomerangs
 G - 101 stones (quivered)
Armour
 c - a +0 robe
 f - a +1 troll leather armour (worn)
 p - a +0 pair of boots (worn)
 w - a +2 pair of gloves of archery (worn)
 y - a +0 cloak (worn)
Magical Staves
 i - an uncursed staff of death
Jewellery
 m - a ring of protection from magic (left hand)
 B - an uncursed ring of teleportation
 X - the amulet "Hiosera" (around neck) {Reflect *Drain rElec Str+5 SH+5}
   (You found it on level 8 of the Dungeon)

   [amulet of reflection]

   It shields you and reflects attacks.
   It affects your strength (+5).
   It insulates you from electricity.
   It causes draining when unequipped.
   It affects your SH (+5).
Wands
 v - a wand of random effects (5)
 E - a wand of digging (10)
Scrolls
 d - a scroll of remove curse
 o - a scroll of fog
 z - a scroll of enchant armour
 C - a scroll of amnesia
 D - a scroll of random uselessness {unknown}
Potions
 e - 4 potions of lignification
 h - a potion of flight {unknown}
 j - 6 potions of curing
 k - a potion of might {unknown}
 l - a potion of cancellation {unknown}
 q - 4 potions of degeneration
 r - 5 potions of brilliance
 s - a potion of invisibility
 u - 2 potions of mutation
Miscellaneous
 F - a phantom mirror


   Skills:
 - Level 4.0 Fighting
 + Level 9.8 Dodging
 - Level 2.4 Stealth
 + Level 11.6 Spellcasting
 - Level 7.0 Conjurations
 - Level 3.0 Translocations
 - Level 3.0 Transmutations
 - Level 12.0 Earth Magic


You had 12 spell levels left.
You knew the following spells:

 Your Spells              Type           Power        Failure   Level
a - Apportation           Tloc           ###...       2%          1
c - Mephitic Cloud        Conj/Pois/Air  ###.....     2%          3
d - Lee's Rapid Deconstr  Erth           ######....   1%          5
e - Searing Ray           Conj           #####.       1%          2
q - Sandblast             Erth           ######       1%          1
r - Stone Arrow           Conj/Erth      ######       1%          3
t - Petrify               Tmut/Erth      #####...     3%          4
w - Passwall              Tmut/Erth      #####...     1%          2

Your spell library contained the following spells:

 Spells                   Type           Power        Failure   Level
 Hailstorm                Conj/Ice       ####....     5%          4
 Shock                    Conj/Air       ####         1%          1
 Static Discharge         Conj/Air       ####....     1%          3
 Lesser Beckoning         Tloc           ###.......   8%          3
 Swiftness                Air            ##......     13%         2
 Lightning Bolt           Conj/Air       ####......   16%         5
 Airstrike                Air            ##........   21%         4
 Tukima's Dance           Hex            ##......     26%         3
 Alistair's Intoxication  Tmut/Pois      ###......    77%         5
 Invisibility             Hex            ##......     100%        6


Dungeon Overview and Level Annotations

Branches:
Dungeon (12/15)            Temple (1/1) D:4            Lair (2/6) D:9
    Orc (0/2) D:10          Sewer (visited)          Bailey (visited)
  Swamp: Lair:2-4    Shoals: Lair:2-4     Snake: Lair:2-4    Spider: Lair:2-4

Altars:
Ashenzari
Cheibriados
Dithmenos
Elyvilon
Fedhas
Gozag
Kikubaaqudgha
Nemelex Xobeh
Trog
Uskayaw
Vehumet
Xom
Zin
The Shining One

Shops:
D:6 (

Annotations:
D:4 1 runed translucent door
D:9 exclusion: oklob plant, Maurice
D:10 Harold
D:11 3 runed translucent doors, Killmatronix's ghost, journeyman OpHu
D:12 Kirke, Urug


Message History

The rime drake bites you.
* * * LOW HITPOINT WARNING * * *
You feel better. The rime drake breathes ice at you.
The flash freeze misses you.
Casting: Sandblast (safe; 1% risk of failure)
Confirm with . or Enter, or press ? or * to list all spells.
Aiming: Searing Ray (safe; 1% risk of failure)
Press: ? - help, Shift-Dir - straight line, f - rime drake
Aim: a rime drake (lightly wounded, very poisoned, catching its breath)
The searing ray hits the rime drake!
The rime drake is moderately wounded. (Press . to maintain the ray.)
The rime drake completely misses you.
The searing ray hits the rime drake!
The rime drake is severely wounded.
The rime drake breathes ice at you. The flash freeze hits you!!
Ouch! That really hurt!
You die...

#.#..........#
...8.#..+.........##
........#)........P#
.8...# #..........##
....####.........#
#.#....#....###'###
..........##...#
#.#..8.+.##†### . ##
###@.####.#
..###.##.#k## #..##
##.........# ##..#
#.........######'######
..........P#..........#
#......<...............#
......................##
......................#
...........†..........#


You could see a rime drake (very poisoned, catching breath).

Vanquished Creatures
  Erica (D:8)
  3 two-headed ogres
  An ugly thing (D:11)
  A gargoyle (D:10)
  2 cane toads (Lair:1)
  A komodo dragon (D:11)
  2 trolls
  A shadow (D:12)
  15 yaks
  3 wyverns (D:9)
  A warg (D:10)
  6 water moccasins
  3 orc warriors
  2 ice beasts
  3 sky beasts
  3 black bears
  A phantom (D:8)
  5 ogres
  2 centaurs
  6 bullfrogs
  A scorpion (D:7)
  A water moccasin skeleton (D:8)
  A killer bee (D:11)
  A howler monkey (D:5)
  A centaur zombie (D:6)
  4 hounds
  A bullfrog zombie (D:9)
  5 orc priests
  Crazy Yiuf (D:6)
  3 bullfrog skeletons
  A jelly (D:11)
  An iguana (D:10)
  6 worker ants
  4 orc wizards
  6 hell rats (Lair:1)
  A worker ant zombie (D:6)
  8 adders
  An adder zombie (D:6)
  3 adder skeletons (D:6)
  3 worms
  4 leopard geckos
  16 orcs
  4 bats
  4 giant cockroaches
  6 hobgoblins
  10 jackals
  4 ball pythons
  3 frilled lizards
  11 goblins
  8 kobolds
  A quokka skeleton (D:7)
  7 rats
193 creatures vanquished.

Vanquished Creatures (others)
  A ghoul (D:1)
  A draconian (D:1)
  An octopode (D:1)
  A gargoyle (D:1)
  A vine stalker (D:1)
  A troll (D:1)
  A vampire (D:1)
  A spriggan (D:1)
  3 humans (D:1)
  A dwarf (D:1)
  A centaur (D:1)
  An orc (D:1)
  A kobold (D:1)
  2 fungi
  13 plants (D:9)
  9 tentacles (D:1)
39 creatures vanquished.

Grand Total: 232 creatures vanquished

Notes
Turn   | Place    | Note
-------+----------+-------------------------------------------
     0 | D:1      | ipx the Deep Elf Earth Elementalist began the quest for the
                  | Orb.
     0 | D:1      | Reached XP level 1. HP: 10/10 MP: 6/6
     3 | D:1      | Noticed an octopode
     3 | D:1      | Noticed a spriggan
     3 | D:1      | Noticed a centaur
     3 | D:1      | Noticed a troll
     3 | D:1      | Noticed a human
     3 | D:1      | Noticed a kraken
     3 | D:1      | Noticed a ghoul
     3 | D:1      | Noticed a draconian
     3 | D:1      | Noticed a vine stalker
     3 | D:1      | Noticed a vampire
     3 | D:1      | Noticed a dwarf
     3 | D:1      | Noticed a gargoyle
     3 | D:1      | Noticed a human
     3 | D:1      | Noticed a human
     3 | D:1      | Killed a human
     7 | D:1      | Killed a gargoyle
     7 | D:1      | Killed a dwarf
    11 | D:1      | Killed a human
    11 | D:1      | Killed a human
    12 | D:1      | Killed a vine stalker
    13 | D:1      | Killed a troll
    14 | D:1      | Killed a vampire
    15 | D:1      | Killed an octopode
    16 | D:1      | Killed a spriggan
    18 | D:1      | Killed a centaur
    21 | D:1      | Killed a draconian
    24 | D:1      | Killed a ghoul
   179 | D:2      | Reached XP level 2. HP: 15/15 MP: 2/8
   183 | D:2      | Learned a level 2 spell: Passwall
   208 | D:2      | Reached skill level 4 in Earth Magic
   298 | D:2      | Reached XP level 3. HP: 19/19 MP: 6/9
   303 | D:2      | Learned a level 3 spell: Stone Arrow
   600 | D:4      | Reached XP level 4. HP: 24/24 MP: 6/11
   610 | D:4      | Found a staircase to the Ecumenical Temple.
   616 | Temple   | Entered the Ecumenical Temple
   624 | Temple   | Became a worshipper of Vehumet
   753 | D:3      | Noticed an ogre
   756 | D:3      | Killed an ogre
   756 | D:3      | Reached skill level 5 in Earth Magic
   756 | D:3      | Reached XP level 5. HP: 28/28 MP: 10/14
   818 | D:3      | Found a blossoming altar of Fedhas.
   919 | D:3      | Reached skill level 5 in Spellcasting
  1046 | D:4      | Learned a level 5 spell: Lee's Rapid Deconstruction
  1054 | D:4      | Found a runed translucent door.
  1100 | D:5      | Entered Level 5 of the Dungeon
  1208 | D:5      | Reached skill level 6 in Earth Magic
  1208 | D:5      | Reached XP level 6. HP: 32/32 MP: 11/16
  1226 | D:5      | Reached * piety under Vehumet
  1226 | D:5      | Offered knowledge of Shock by Vehumet.
  1329 | D:5      | Noticed an ice beast
  1335 | D:5      | Killed an ice beast
  1335 | D:5      | Reached skill level 7 in Earth Magic
  1335 | D:5      | Reached XP level 7. HP: 34/36 MP: 10/18
  1406 | D:6      | Found a sparkling altar of Nemelex Xobeh.
  1424 | D:6      | Found a glowing drain.
  1435 | Sewer    | Entered a sewer
  1497 | Sewer    | Reached skill level 8 in Earth Magic
  1503 | Sewer    | Learned a level 4 spell: Petrify
  1601 | D:6      | Reached skill level 9 in Earth Magic
  1670 | D:6      | Found a runed translucent door.
  1671 | D:6      | Noticed Crazy Yiuf
  1676 | D:6      | Killed Crazy Yiuf
  1715 | D:6      | Found an ancient bone altar of Kikubaaqudgha.
  1807 | D:6      | Found Wiphuceph's Antique Weapon Shoppe.
  1856 | D:7      | Reached XP level 8. HP: 41/41 MP: 17/19
  1960 | D:7      | Reached skill level 10 in Earth Magic
  1968 | D:7      | Reached ** piety under Vehumet
  1969 | D:7      | Offered knowledge of Searing Ray by Vehumet.
  1973 | D:7      | Learned a level 2 spell: Searing Ray
  2004 | D:7      | Reached skill level 1 in Conjurations
  2070 | D:8      | Noticed Erica
  2080 | D:8      | Reached skill level 1 in Fighting
  2194 | D:8      | Got a vibrating jade amulet
  2200 | D:8      | Identified the amulet "Hiosera" {Reflect *Drain rElec Str+5
                  | SH+5} (You found it on level 8 of the Dungeon)
  2246 | D:8      | Killed Erica
  2246 | D:8      | Reached XP level 9. HP: 31/48 MP: 9/20
  2303 | D:8      | Noticed a two-headed ogre
  2311 | D:8      | Killed a two-headed ogre
  2311 | D:8      | Reached skill level 5 in Dodging
  2311 | D:8      | Reached skill level 5 in Conjurations
  2340 | D:8      | Noticed a two-headed ogre
  2361 | D:8      | Killed a two-headed ogre
  2361 | D:8      | Reached skill level 11 in Earth Magic
  2446 | D:9      | Noticed Maurice
  2619 | D:9      | Offered knowledge of Mephitic Cloud by Vehumet.
  2619 | D:9      | Reached XP level 10. HP: 49/56 MP: 17/21
  2626 | D:9      | Learned a level 3 spell: Mephitic Cloud
  2629 | D:9      | Noticed an oklob plant
  2689 | D:9      | Learned a level 1 spell: Apportation
  2722 | D:9      | Found Zin's Purification Station.
  2725 | D:9      | Found a glowing silver altar of Zin.
  2728 | D:9      | Bought a potion of curing for 90 gold pieces
  2763 | D:9      | Reached skill level 1 in Translocations
  2812 | D:9      | Found a hide-covered altar of Uskayaw.
  2834 | D:10     | Entered Level 10 of the Dungeon
  2870 | D:10     | Noticed Harold
  2952 | D:10     | Found a staircase to the Orcish Mines.
  2965 | D:10     | Reached *** piety under Vehumet
  2995 | D:10     | Noticed a gargoyle
  3063 | D:10     | Killed a gargoyle
  3076 | D:10     | You fall into a shaft and drop 2 floors!
  3076 | D:12     | Noticed a two-headed ogre
  3084 | D:12     | Killed a two-headed ogre
  3148 | D:12     | Offered knowledge of Fulminant Prism by Vehumet.
  3170 | D:12     | Noticed Urug
  3175 | D:12     | Noticed a boulder beetle
  3211 | D:12     | Noticed a boulder beetle
  3216 | D:12     | Noticed Kirke
  3216 | D:12     | Noticed a two-headed ogre
  3298 | D:11     | Reached skill level 10 in Spellcasting
  3318 | D:11     | Found a flagged portal.
  3323 | Bailey   | Entered a bailey
  3363 | Bailey   | Noticed an orc knight
  3584 | D:11     | Found a runed translucent gate.
  3584 | D:11     | Found a runed translucent gate.
  3584 | D:11     | Found a runed translucent gate.
  3601 | D:11     | Noticed a green ugly thing
  3610 | D:11     | Killed a green ugly thing
  3610 | D:11     | Reached XP level 11. HP: 26/61 MP: 8/27
  3620 | D:11     | Noticed Killmatronix's ghost (journeyman OpHu)
  3668 | D:9      | Found a staircase to the Lair.
  3706 | D:9      | Reached **** piety under Vehumet
  3787 | Lair:1   | Entered Level 1 of the Lair of Beasts
  3852 | Lair:1   | Offered knowledge of Hailstorm by Vehumet.
  3853 | Lair:1   | Reached skill level 12 in Earth Magic
  3954 | Lair:2   | Noticed a six-headed hydra
  3955 | Lair:2   | HP: 1/61 [six-headed hydra (12)]
  3982 | Lair:1   | HP: 3/61 [rime drake (3)]
  3985 | Lair:1   | Killed from afar by a rime drake

Illustrated notes

Levels and vault maps discovered:
D:1:      nicolae_arrival_kraken_aquarium_b, layout_loops_ring, serial_forest,
          infiniplex_forest_join, infiniplex_forest_clump_medium,
          infiniplex_forest_split, infiniplex_forest_straight_2
D:2:      layout_basic
D:3:      minmay_bubble_buster, layout_loops_ring, fedhas_ov_isle_minmay
D:4:      layout_loops_ring, temple_green, ebering_ghost_sewer_f,
          nicolae_qazlal_general_emergency
D:5:      layout_loops_corners, minmay_diced_spiral
D:6:      layout_gridville, lemuel_crystal_altar,
          nemelex_xobeh_ov_fountains_minmay, cheibrodos_sewer_entry_sluice,
          serial_shops, kennysheep_little_box, uniq_crazy_yiuf_cottage
D:7:      layout_loops_cross, serial_shops, kennysheep_mini
D:8:      layout_loops_ring, lemuel_mausoleum_altar_yredelemnul, uniq_maggie,
          uniq_erica
D:9:      layout_gridville, lemuel_doored_altar, zin_purify,
          minmay_lair_entry_grove, lemuel_oklob_altar, uniq_maurice
D:10:     layout_basic, erik_orc_3, serial_rivers,
          chequers_serial_rivers_micro_d, chequers_serial_rivers_micro_a,
          chequers_serial_rivers_room_a, chequers_serial_rivers_small_b,
          chequers_serial_rivers_small_a, chequers_serial_rivers_micro_c,
          uniq_harold
D:11:     layout_loops_ring, enter_bailey_3, gammafunk_ghost_icy
D:12:     layout_grid_maze, uniq_jorgrun, uniq_urug, uniq_kirke
Temple:   lightli_temple_of_artemis
Lair:1:   layout_roguey, st_stairs_6, grunt_megastairs_4
Lair:2:   layout_chaotic_city, eino_house_with_fridge, serial_bayou_shore_b

Skill      XL: |  1  2  3  4  5  6  7  8  9 10 11 |
---------------+----------------------------------+-----
Earth Magic    | 4 5 6 7 9 10 11 12 | 12.0
Transmutations | 2 3 |  3.0
Spellcasting   | 4 5 6 10 11 | 11.6
Conjurations   | 4 7 |  7.0
Dodging        | 4 6 8 9 |  9.8
Fighting       | 2 3 4 |  4.0
Translocations | 3 |  3.0
Stealth        | |  2.4

Action                   |  1- 3 |  4- 6 |  7- 9 | 10-12 || total
-------------------------+-------+-------+-------+-------++-------
Melee: Unarmed           |     1 |       |       |       ||     1
       Rapier            |       |       |     4 |       ||     4
       Dagger            |       |       |     4 |    42 ||    46
Throw: Stone             |       |       |     4 |       ||     4
 Cast: Sandblast         |    46 |    55 |    70 |    42 ||   213
       Passwall          |       |     1 |     5 |     5 ||    11
       Stone Arrow       |       |     1 |     1 |     6 ||     8
       Lee's Rapid Decon |       |       |    11 |    12 ||    23
       Searing Ray       |       |       |     8 |    44 ||    52
       Petrify           |       |       |     1 |     9 ||    10
       Apportation       |       |       |       |     3 ||     3
       Mephitic Cloud    |       |       |       |     1 ||     1
Evoke: Wand              |       |       |     1 |    11 ||    12
  Use: Scroll            |     4 |     5 |     5 |     7 ||    21
       Potion            |       |     2 |     1 |     9 ||    12
 Stab: Petrified         |       |       |     4 |    15 ||    19
       Sleeping          |       |       |       |     1 ||     1
Armor: Robe              |       |     3 |     9 |     3 ||    15
       Troll leather arm |       |       |       |    10 ||    10
       Skin              |       |       |       |    11 ||    11
Dodge: Dodged            |    10 |    13 |    31 |    79 ||   133
Block: Other             |       |       |     3 |    29 ||    32

Table legend: (Time is in decaauts)
 A = Elapsed time spent in this place.
 B = Non-inter-level travel time spent in this place.
 C = Inter-level travel time spent in this place.
 D = Time resting spent in this place.
 E = Time spent auto-exploring this place.
 F = Levels seen in this place.
 G = Mean time per level.
                   A        B        C        D        E       F      G
               +--------+--------+--------+--------+--------+-----+--------+
         Total |   4027 |   4020 |      7 |      0 |      0 |  17 |  236.9 |
       Dungeon |   3641 |   3641 |      0 |      0 |      0 |  12 |  303.4 |
        Temple |     16 |      9 |      7 |      0 |      0 |   1 |   16.0 |
          Lair |    196 |    196 |      0 |      0 |      0 |   2 |   98.0 |
         Sewer |    124 |    124 |      0 |      0 |      0 |   1 |  124.0 |
        Bailey |     48 |     48 |      0 |      0 |      0 |   1 |   48.0 |
               +--------+--------+--------+--------+--------+-----+--------+

Top non-repeatable levels by time:
     D:8: 442 daAuts
     D:3: 429 daAuts
    D:11: 379 daAuts
     D:9: 378 daAuts
     D:6: 326 daAuts
     D:5: 322 daAuts
     D:7: 285 daAuts
     D:2: 267 daAuts
     D:1: 247 daAuts
    D:10: 247 daAuts
  Lair:1: 194 daAuts
    D:12: 172 daAuts
     D:4: 142 daAuts
   Sewer: 124 daAuts
  Bailey: 48 daAuts
